 Dungeon Crawl Stone Soup version 0.29-a0-997-gf6f7e2dfe7 (webtiles) character file.

Game seed: 1350266496681982853

51825 gelatine the Cleaver (level 14, -3/111 HPs)
             Began as a Demonspawn Gladiator on Aug 5, 2022.
             Was the Champion of Jiyva.
             Slain by Rupert
             ... wielding a +1 great mace of holy wrath
              (13 damage)
             ... on level 5 of the Lair of Beasts.
             The game lasted 01:11:06 (14033 turns).

gelatine the Cleaver (Demonspawn Gladiator)        Turns: 14033, Time: 01:11:06

Health: -3/111     AC: 25    Str: 30    XL:     14   Next: 24%
Magic:  14/14      EV: 21    Int: 12    God:    Jiyva [******]
Gold:   641        SH:  4    Dex: 12    Spells: 13/13 levels left

rFire   . . .      SeeInvis .   c - +4 mace "Goblin's Undoing" {vorpal, rPois rC+ Stlth+}
rCold   + + .      Faith    .   T - +0 buckler
rNeg    . . .      Spirit   .   m - +5 scale mail of the Other Side {-Cast Harm rC+ Str+4}
rPois   +          Reflect  .   (helmet restricted)
rElec   .          Harm     +   (no cloak)
rCorr   +          Rampage  .   J - +3 pair of gauntlets of War {Slay+5}
Will    +....      NoCast   +   P - +2 pair of boots
Stlth   ++........              (no amulet)
HPRegen 1.88/turn               r - +4 ring of protection
MPRegen 0.64/turn               i - +4 ring of evasion

@: mighty, agile, calling ooze
A: horns 1, molten scales 2, foul stench 2, powered by pain 1, corrupting
presence 1, clever 1, mutation resistance 1, strong 2, acidic bite, eyeballs 2,
pseudopods 2, MP-powered wands, engulf
a: Renounce Religion, Oozemancy, Slimify


You were on level 5 of the Lair of Beasts.
You worshipped Jiyva.
Jiyva was exalted by your worship.
You visited 3 branches of the dungeon, and saw 17 of its levels.
You also visited: Sewer, Bailey and Gauntlet.

You collected 865 gold pieces.
You spent 224 gold pieces at shops.

Inventory:

Hand Weapons
 c - the +4 mace "Goblin's Undoing" (weapon) {vorpal, rPois rC+ Stlth+}
   (You found it in a Gauntlet)

   It inflicts extra damage upon your enemies.
   rC:        It protects you from cold.
   rPois:     It protects you from poison.
   Stlth:     It makes you more stealthy.
 f - a +8 broad axe
 K - the +1 trident "Nodwo" {freeze, rF+ rN++ Int-2 Stlth+}
   (You found it on level 9 of the Dungeon)

   It freezes those it strikes, dealing additional cold damage.
   It can also slow down cold-blooded creatures.
   Int:       It affects your intelligence (-2).
   rF:        It protects you from fire.
   rN:        It greatly protects you from negative energy.
   Stlth:     It makes you more stealthy.
 V - the +7 long sword of the Burnt God {freeze, *Rage rN+ Dex+2 Stlth+}
   (You took it off a meliai on level 4 of the Lair of Beasts)

   It freezes those it strikes, dealing additional cold damage.
   It can also slow down cold-blooded creatures.
   Dex:       It affects your dexterity (+2).
   rN:        It protects you from negative energy.
   *Rage:     It berserks you when you make melee attacks (+20% chance).
   Stlth:     It makes you more stealthy.
 Y - a +2 great mace of protection
Missiles
 a - 14 boomerangs (quivered)
 e - 11 javelins
 j - 4 poisoned darts
 o - 2 throwing nets
 M - 4 silver javelins
Armour
 k - a +1 leather armour of poison resistance
 m - the +5 scale mail of the Other Side (worn) {-Cast Harm rC+ Str+4}
   (You bought it in a shop on level 5 of the Dungeon)

   Str:       It affects your strength (+4).
   rC:        It protects you from cold.
   -Cast:     It prevents spellcasting.
   Harm:      It increases damage dealt and taken.
 q - a +1 plate armour
 I - a +1 robe of positive energy
 J - the +3 pair of gauntlets of War (worn) {Slay+5}
   (You found it on level 7 of the Dungeon)

   Slay:      It affects your accuracy & damage with ranged weapons and melee
   (+5).
 P - a +2 pair of boots (worn)
 R - a +0 troll leather armour
 S - a +4 ring mail of fire resistance
 T - a +0 buckler (worn)
 W - the +1 helmet of Wibon {-Cast Harm Dex+4 Slay+3}
   (You found it in a Gauntlet)

   Dex:       It affects your dexterity (+4).
   Slay:      It affects your accuracy & damage with ranged weapons and melee
   (+3).
   -Cast:     It prevents spellcasting.
   Harm:      It increases damage dealt and taken.
Jewellery
 g - an amulet of reflection
 h - a ring of protection from cold
 i - a +4 ring of evasion (right hand)
 r - a +4 ring of protection (left hand)
 y - a ring of positive energy
 G - a ring of willpower
Wands
 v - a wand of charming (6)
 C - a wand of flame (29)
 D - a wand of quicksilver (5)
 E - a wand of polymorph (18)
 O - a wand of iceblast (5)
 Z - a wand of digging (7)
Scrolls
 b - 4 scrolls of fog
 d - 3 scrolls of fear
 p - 5 scrolls of teleportation
 s - 2 scrolls of blinking
 w - a scroll of torment
 Q - 5 scrolls of poison
 U - a scroll of summoning
 X - a scroll of magic mapping
Potions
 l - 4 potions of curing {unknown}
 n - 3 potions of flight
 t - 3 potions of might {unknown}
 u - 2 potions of brilliance
 x - 4 potions of magic {unknown}
 z - 4 potions of mutation {unknown}
 A - a potion of lignification
 B - 2 potions of berserk rage
 F - 2 potions of attraction
 H - 2 potions of ambrosia
 L - a potion of heal wounds
 N - a potion of invisibility


   Skills:
 + Level 10.7 Fighting
 + Level 14.8(15.8) Axes
 + Level 0.4(9.6) Maces & Flails
 + Level 9.4(13.3) Polearms
 + Level 5.3 Throwing
 + Level 8.4 Armour
 + Level 6.7 Dodging
 + Level 3.8 Stealth
 + Level 1.8 Shields


You had 13 spell levels left.
You didn't know any spells.
Your spell library contained the following spells:

 Spells                   Type           Power      Damage    Failure   Level
 Apportation              Tloc           0%         N/A       63%         1
 Freeze                   Ice            0%         1d3       63%         1
 Magic Dart               Conj           0%         1d3       63%         1
 Necrotise                Necr           0%         1d4       63%         1
 Summon Small Mammal      Summ           0%         N/A       63%         1
 Call Imp                 Summ           0%         N/A       77%         2
 Ensorcelled Hibernation  Hex/Ice        0%         N/A       77%         2
 Passwall                 Tmut/Erth      0%         N/A       77%         2
 Call Canine Familiar     Summ           0%         N/A       94%         3
 Frozen Ramparts          Ice            0%         1d8       94%         3
 Mephitic Cloud           Conj/Pois/Air  0%         N/A       94%         3
 Summon Guardian Golem    Hex/Summ       0%         N/A       94%         3
 Swiftness                Air            0%         N/A       94%         3
 Hailstorm                Conj/Ice       0%         3d3       100%        4
 Fireball                 Conj/Fire      0%         3d3       100%        5
 Iskenderun's Battlesphe  Conj           0%         2d6       100%        5
 Conjure Ball Lightning   Conj/Air       0%         3x3d6     100%        6
 Orb of Destruction       Conj           0%         9d5       100%        7
 Fire Storm               Conj/Fire      0%         5d1       100%        9


Dungeon Overview and Level Annotations

Branches:
Dungeon (11/15)            Temple (1/1) D:6            Lair (5/5) D:11
 Shoals (0/4) Lair:3       Spider (0/4) Lair:3        Slime (0/5) Lair:4
  Sewer (visited)          Bailey (visited)         Gauntlet (visited)
    Orc: D:9-12

Altars:
Ashenzari
Cheibriados
Dithmenos
Fedhas
Gozag
Hepliaklqana
Kikubaaqudgha
Makhleb
Nemelex Xobeh
Okawaru
Qazlal
Ru
Sif Muna
Trog
Uskayaw
Vehumet
Wu Jian
Xom
Yredelemnul

Shops:
D:5 (*=*[   D:6 =[*?   D:10 *

Portals:
Abyss: Lair:4

Annotations:
D:10 2 runed translucent doors, kevlar127's ghost, journeyman TrBe
Lair:2 2 transporters, Qyacsuop's ghost, journeyman DsAK
Lair:4 2 transporters, Irousen's ghost, journeyman MiFi
Lair:5 Rupert


Innate Abilities, Weirdness & Mutations

You have a pair of small horns on your head.
You are mostly covered in molten scales. (AC +3)
You sometimes emit foul miasma when damaged in melee.
You sometimes gain a little power by taking damage.
Your presence sometimes corrodes those you injure.
Your mind is acute. (Int +4, Str/Dex -1)
You are somewhat resistant to further mutation.
Your muscles are very strong. (Str +8, Int/Dex -2)
You have acidic saliva.
Your body has grown many eyes which may confuse attackers. (Acc +5)
Armour fits poorly on your large pseudopods.
You expend magic power (3 MP) to strengthen your wands.
Your melee attacks may engulf your foes in ooze.


Message History

The wall burns Rupert!
Rupert hits you with a +1 great mace of holy wrath!!
* * * LOW HITPOINT WARNING * * *
You shudder from the blow and a jelly pops out!
You focus on the pain.
You feel more agile all of a sudden.
You convulse.
* * * LOW HITPOINT WARNING * * *
Blink to where?
Press: ? - help, Q - select action, (/) - cycle Dir - move target
Found a stone staircase leading up.
As you read the scroll of blinking, it crumbles to dust.
You feel much better.
The walls burn Rupert!
Your azure jelly barely misses Rupert.
Your azure jelly hits Rupert!
Your azure jelly freezes Rupert!!
Your azure jelly barely misses Rupert.
Your azure jelly hits Rupert.
The walls burn Rupert!
You are too injured to fight recklessly!
Throw: 15 boomerangs
Press: ? - help, Q - select action, (/) - cycle Shift-Dir - straight line, f - Rupert
Aim: Rupert, wielding a +1 great mace of holy wrath and wearing a +0 ring mail of poison resistance (heavily wounded, berserk, covered in acid, ally target, 76% to hit)
You throw a boomerang. The boomerang closely misses Rupert.
A nearby plant withers and dies.
Throw: 5 darts (poison)
Press: ? - help, Shift-Dir - straight line, f/p - Rupert
Aim: Rupert, wielding a +1 great mace of holy wrath and wearing a +0 ring mail of poison resistance (heavily wounded, berserk, covered in acid, ally target, 76% to hit)
You throw a poisoned dart. The poisoned dart hits Rupert.
Rupert is poisoned.
Rupert is heavily wounded.
Okay, then.
Rupert attacks as you move away! You block Rupert's attack.
Rupert seems to be corroded for longer.
Rupert attacks as you move away!
Rupert hits you with a +1 great mace of holy wrath!!
* * * LOW HITPOINT WARNING * * *
You focus on the pain.
You feel very mighty all of a sudden.
You convulse!
* * * LOW HITPOINT WARNING * * *
Rupert looks more healthy.
Rupert hits you with a +1 great mace of holy wrath!
You die...

.#.....PP ........P
.P.#....# .......## #
#.P#...## ###.##
#.......###......
.##............P.#
.............##@....#.
..#..........###@#.#...
..........J..#..........
.......<...P............
......#..J..............
.....@##...P............
.#...D#.......?.........
......#......?..#.......
.....J†......... .......
.....†.....##..


You could see Rupert (berserk, corroded, ally target) and a friendly rockslime
(summoned).

Vanquished Creatures
  A minotaur (Gauntlet)
  Josephine (Lair:4)
  A boulder beetle (Lair:5)
  5 hydras
  2 two-headed ogres (D:11)
  2 death yaks (Lair:4)
  An oklob plant (Lair:3)
  2 lindwurms
  Pikel (D:7)
  A manticore (Lair:4)
  2 wolf spiders (Lair:4)
  A cyclops (D:11)
  10 elephants
  3 black mambas
  An apocalypse crab (Gauntlet)
  17 cane toads
  A gargoyle (D:11)
  A minotaur zombie (Gauntlet)
  3 rime drakes
  8 komodo dragons
  A troll (D:11)
  4 meliai
  A queen bee (Lair:4)
  3 polar bears
  A hornet (Lair:4)
  10 dream sheep
  19 blink frogs
  A shadow (D:9)
  6 wraiths
  35 yaks
  8 wyverns
  4 basilisks
  3 steam dragons
  2 vampire mosquitoes (D:11)
  Menkaure (D:7)
  6 swamp worms (Gauntlet)
  An acid dragon (D:11)
  4 wargs
  9 water moccasins
  3 ice beasts
  7 orc warriors
  2 black bears
  An ogre (D:5)
  A centaur (D:8)
  19 wolves
  3 lemures (D:7)
  A phantom (D:5)
  13 bullfrogs
  A gnoll sergeant (D:11)
  A scorpion (D:5)
  6 wights
  Dowan (D:7)
  48 killer bees
  6 howler monkeys
  A jelly (Sewer)
  A gnoll bouda (D:7)
  11 orc priests
  2 hounds
  3 iguanas
  5 orc wizards
  23 gnolls
  6 adders
  4 river rats
  A shadow imp (D:5)
  2 worms (D:2)
  4 dart slugs
  31 orcs
  11 endoplasms
  10 giant cockroaches
  8 hobgoblins
  3 quokkas
  8 ball pythons
  5 bats
  6 frilled lizards
  4 goblins
  18 kobolds
  7 rats
  2 butterflies (Lair:1)
472 creatures vanquished.

Vanquished Creatures (collateral kills)
  An orc warlord (Bailey)
  A hydra (Lair:5)
  An ugly thing (D:11)
  A cyclops (D:11)
  A komodo dragon (Lair:5)
  2 dream sheep (Lair:5)
  A basilisk (Lair:5)
8 creatures vanquished.

Vanquished Creatures (others)
  Duvessa (D:7)
  A water moccasin (D:7)
  A floating eye (shapeshifter) (Lair:4)
  An ice beast (D:7)
  2 centaurs
  A bullfrog (Lair:3)
  2 wights (D:7)
  26 jellies
  3 killer bees
  A howler monkey (D:8)
  An iguana (D:7)
  An iron imp (D:9)
  A shadow imp (D:6)
  An ufetubus (D:7)
  A worm (D:4)
  An orc (D:7)
  2 hobgoblins
  2 kobolds
  A frilled lizard (D:3)
  A rat (D:3)
  25 fungi
  48 plants
124 creatures vanquished.

Grand Total: 604 creatures vanquished

Notes
Turn   | Place    | Note
-------+----------+-------------------------------------------
     0 | D:1      | gelatine the Demonspawn Gladiator began the quest for the
                  | Orb.
     0 | D:1      | Reached XP level 1. HP: 16/16 MP: 1/1
   409 | D:1      | Gained mutation: You have a pair of small horns on your
                  | head. [demonic ancestry]
   409 | D:1      | Reached XP level 2. HP: 18/22 MP: 2/2
   463 | D:1      | Reached skill level 3 in Axes
   967 | D:2      | Reached XP level 3. HP: 13/27 MP: 3/3
  1865 | D:2      | Reached skill level 1 in Armour
  1865 | D:2      | Reached XP level 4. HP: 3/34 MP: 4/4
  2146 | D:2      | Found a faded altar of an unknown god.
  2287 | D:2      | You fall into a shaft and drop 1 floor!
  2514 | D:3      | Found a glowing drain.
  2538 | Sewer    | Entered a sewer
  2603 | Sewer    | Reached skill level 1 in Polearms
  2767 | Sewer    | Gained mutation: You sometimes gain a little power by
                  | taking damage. [demonic ancestry]
  2767 | Sewer    | Reached XP level 5. HP: 39/39 MP: 5/5
  2959 | Sewer    | Found a viscous altar of Jiyva.
  3069 | Sewer    | Became a worshipper of Jiyva Jylefeg the Shapeless
  3297 | D:3      | Found an ornate altar of the Wu Jian Council.
  3483 | D:3      | Found a sacrificial altar of Ru.
  4226 | D:2      | Found a sparkling altar of Nemelex Xobeh.
  4392 | D:4      | Reached * piety under Jiyva
  4790 | D:4      | Gained mutation: You are partially covered in molten
                  | scales. (AC +2) [demonic ancestry]
  4790 | D:4      | Reached XP level 6. HP: 47/47 MP: 6/6
  4812 | D:4      | Reached ** piety under Jiyva
  5145 | D:5      | Entered Level 5 of the Dungeon
  5253 | D:5      | Found Yqyufy's Assorted Antiques.
  5258 | D:5      | Found Licvic's Weapon Shop.
  5268 | D:5      | Gained mutation: You may rarely emit foul miasma when
                  | damaged in melee. [demonic ancestry]
  5268 | D:5      | Reached XP level 7. HP: 47/52 MP: 7/7
  5485 | D:5      | Reached *** piety under Jiyva
  5491 | D:5      | Found Aseforche's General Store.
  5528 | D:5      | Found Quatwege's Jewellery Shop.
  5965 | D:5      | Found Damefoka's Antique Armour Shoppe.
  5965 | D:5      | Gained mutation: Your melee attacks may engulf your foes in
                  | ooze. [Jiyva's grace]
  5965 | D:5      | Gained mutation: You expend magic power (3 MP) to
                  | strengthen your wands. [Jiyva's grace]
  5965 | D:5      | Gained mutation: You have a small jelly attached to you
                  | that senses nearby items. [Jiyva's grace]
  5965 | D:5      | Gained mutation: You are covered in fur. (AC +1) [Jiyva's
                  | grace]
  5968 | D:5      | Bought a spiked scale mail for 198 gold pieces
  5968 | D:5      | Identified the +5 scale mail of the Other Side {-Cast Harm
                  | rC+ Str+4} (You bought it in a shop on level 5 of the
                  | Dungeon)
  6114 | D:6      | Reached skill level 5 in Polearms
  6125 | D:6      | Found a staircase to the Ecumenical Temple.
  6166 | D:6      | Reached XP level 8. HP: 60/60 MP: 8/8
  6255 | D:6      | Reached **** piety under Jiyva
  6281 | D:6      | Found Gimerad's General Store.
  6283 | D:6      | Found Zocun's Jewellery Shoppe.
  6283 | D:6      | Found Nowe's Magic Scroll Shoppe.
  6285 | D:6      | Found Mamoofa's Antique Armour Shoppe.
  6292 | D:6      | Bought a scroll of identify for 26 gold pieces
  6875 | Temple   | Entered the Ecumenical Temple
  7043 | D:7      | Noticed Pikel
  7054 | D:7      | Killed Pikel
  7123 | D:7      | Noticed Menkaure
  7129 | D:7      | Killed Menkaure
  7134 | D:7      | Found an opulent altar of Gozag.
  7147 | D:7      | Gained mutation: You sometimes emit foul miasma when
                  | damaged in melee. [demonic ancestry]
  7147 | D:7      | Reached XP level 9. HP: 66/66 MP: 9/9
  7175 | D:7      | Reached skill level 1 in Stealth
  7231 | D:7      | Found a flagged portal.
  7240 | Bailey   | Entered a bailey
  7259 | Bailey   | Noticed an orc warlord
  7395 | Bailey   | Found a runed translucent gate.
  7396 | Bailey   | Found a runed translucent gate.
  7397 | Bailey   | Found a runed translucent gate.
  7405 | Bailey   | Reached skill level 5 in Dodging
  7420 | Bailey   | Reached ***** piety under Jiyva
  7446 | Bailey   | Killed an orc warlord
  7447 | Bailey   | Reached skill level 5 in Fighting
  7447 | Bailey   | Reached skill level 5 in Armour
  7666 | D:7      | Gained mutation: You are mostly covered in molten scales.
                  | (AC +3) [demonic ancestry]
  7666 | D:7      | Reached XP level 10. HP: 74/74 MP: 10/10
  7739 | D:7      | Noticed Duvessa
  7741 | D:7      | Noticed Dowan
  7746 | D:7      | Killed Duvessa
  7748 | D:7      | Killed Dowan
  7749 | D:7      | Reached skill level 4 in Axes
  7838 | D:7      | Found the +3 pair of gauntlets of War {Slay+5}
  8108 | D:8      | Gained mutation: You have acidic saliva. [Jiyva's grace]
  8108 | D:8      | Gained mutation: You are somewhat resistant to further
                  | mutation. [Jiyva's grace]
  8108 | D:8      | Gained mutation: You are somewhat resistant to both further
                  | mutation and mutation removal. [Jiyva's grace]
  8108 | D:8      | Gained mutation: You are almost entirely resistant to
                  | further mutation and mutation removal. [Jiyva's grace]
  8518 | D:8      | Reached skill level 5 in Axes
  8938 | D:9      | Found a snail-covered altar of Cheibriados.
  9128 | D:9      | Identified the +1 trident "Nodwo" {freeze, rF+ rN++ Int-2
                  | Stlth+}
  9391 | D:10     | Entered Level 10 of the Dungeon
  9482 | D:10     | Found Zin's Purification Station.
  9524 | D:10     | Reached ****** piety under Jiyva
  9593 | D:10     | Reached skill level 6 in Axes
  9813 | D:10     | Found a large runed translucent door.
  9814 | D:10     | Found a large runed translucent door.
  9816 | D:10     | Noticed kevlar127's ghost (journeyman TrBe)
  9985 | D:11     | Noticed a red ugly thing
  9987 | D:11     | Noticed a cyclops
  9989 | D:11     | Killed a red ugly thing
  9990 | D:11     | Reached skill level 7 in Axes
  9992 | D:11     | Killed a cyclops
 10018 | D:11     | Noticed a two-headed ogre
 10028 | D:11     | Killed a two-headed ogre
 10029 | D:11     | Reached XP level 11. HP: 83/83 MP: 11/11
 10069 | D:11     | Found a staircase to the Lair.
 10128 | D:11     | Reached skill level 8 in Axes
 10256 | D:11     | Lost mutation: Your melee attacks may engulf your foes in
                  | ooze. [Jiyva's grace]
 10256 | D:11     | Gained mutation: Armour fits poorly on your pseudopods.
                  | [Jiyva's grace]
 10256 | D:11     | Gained mutation: Armour fits poorly on your large
                  | pseudopods. [Jiyva's grace]
 10256 | D:11     | Gained mutation: Armour fits poorly on your massive
                  | pseudopods. [Jiyva's grace]
 10256 | D:11     | Gained mutation: Your melee attacks may engulf your foes in
                  | ooze. [Jiyva's grace]
 10299 | D:11     | Noticed a two-headed ogre
 10304 | D:11     | Killed a two-headed ogre
 10471 | Lair:1   | Entered Level 1 of the Lair of Beasts
 10541 | Lair:1   | Found a gate leading to a gauntlet.
 10549 | Gauntlet | Entered a Gauntlet
 10549 | Gauntlet | Found a transporter.
 10549 | Gauntlet | Found a transporter.
 10557 | Gauntlet | Found a transporter.
 10583 | Gauntlet | Found a transporter.
 10583 | Gauntlet | Found a transporter.
 10583 | Gauntlet | Found a transporter.
 10627 | Gauntlet | Found a runed translucent door.
 10635 | Gauntlet | Found a transporter.
 10636 | Gauntlet | Found a transporter.
 10639 | Gauntlet | Found a transporter.
 10639 | Gauntlet | Found a transporter.
 10692 | Gauntlet | Found a runed translucent door.
 10692 | Gauntlet | Found a runed translucent door.
 10695 | Gauntlet | Noticed a thrashing horror
 10700 | Gauntlet | Found a transporter.
 10700 | Gauntlet | Found a transporter.
 10738 | Gauntlet | Reached skill level 9 in Axes
 10748 | Gauntlet | Identified the +1 helmet of Wibon {-Cast Harm Dex+4 Slay+3}
 10764 | Gauntlet | Noticed a minotaur
 10770 | Gauntlet | Killed a minotaur
 10788 | Gauntlet | Identified the +4 mace "Goblin's Undoing" {vorpal, rPois
                  | rC+ Stlth+}
 10789 | Gauntlet | Got the Opusculum on Frigid Embers
 10883 | Lair:1   | Reached skill level 10 in Axes
 10889 | Lair:1   | Reached XP level 12. HP: 69/92 MP: 12/12
 11320 | Lair:1   | Identified the +0 scale mail of the Stone Wall {rElec rF-
                  | rCorr Str+5}
 11439 | Lair:2   | Reached skill level 11 in Axes
 11510 | Lair:2   | Noticed a six-headed hydra
 11517 | Lair:2   | Killed a six-headed hydra
 11702 | Lair:2   | Lost mutation: You are almost entirely resistant to further
                  | mutation and mutation removal. [Jiyva's grace]
 11702 | Lair:2   | Lost mutation: Armour fits poorly on your massive
                  | pseudopods. [Jiyva's grace]
 11702 | Lair:2   | Lost mutation: Armour fits poorly on your large pseudopods.
                  | [Jiyva's grace]
 11702 | Lair:2   | Lost mutation: You have a small jelly attached to you that
                  | senses nearby items. [Jiyva's grace]
 11702 | Lair:2   | Gained mutation: Your mind is acute. (Int +4, Str/Dex -1)
                  | [Jiyva's grace]
 11702 | Lair:2   | Gained mutation: Your mind is very acute. (Int +8, Str/Dex
                  | -2) [Jiyva's grace]
 11702 | Lair:2   | Gained mutation: Your body has grown eyes which may confuse
                  | attackers. (Acc +3) [Jiyva's grace]
 11702 | Lair:2   | Gained mutation: Your body has grown many eyes which may
                  | confuse attackers. (Acc +5) [Jiyva's grace]
 11718 | Lair:2   | Reached skill level 12 in Axes
 11764 | Lair:2   | Found a transporter.
 11789 | Lair:2   | Noticed Qyacsuop's ghost (journeyman DsAK)
 11789 | Lair:2   | Noticed an eight-headed hydra
 11792 | Lair:2   | Found a transporter.
 12060 | Lair:3   | Found a hole to the Spider Nest.
 12234 | Lair:3   | Reached skill level 5 in Throwing
 12329 | Lair:3   | You fall into a shaft and drop 1 floor!
 12332 | Lair:4   | Reached XP level 13. HP: 95/100 MP: 13/13
 12377 | Lair:4   | Found a transporter.
 12466 | Lair:4   | Reached skill level 13 in Axes
 12519 | Lair:4   | Found a staircase to the Slime Pits.
 12600 | Lair:4   | Noticed Josephine
 12627 | Lair:4   | Killed Josephine
 12645 | Lair:4   | Identified the +7 long sword of the Burnt God {freeze,
                  | *Rage rN+ Dex+2 Stlth+}
 12750 | Lair:4   | Found a transporter.
 12751 | Lair:4   | Noticed Irousen's ghost (journeyman MiFi)
 12752 | Lair:4   | Found a one-way gate to the infinite horrors of the Abyss.
 12870 | Lair:4   | Identified the +10 sling of Deflation {freeze, Int+4 Dex+5}
 12914 | Lair:4   | Lost mutation: Your mind is very acute. (Int +8, Str/Dex
                  | -2) [Jiyva's grace]
 12914 | Lair:4   | Lost mutation: You are somewhat resistant to both further
                  | mutation and mutation removal. [Jiyva's grace]
 12914 | Lair:4   | Lost mutation: You are covered in fur. (AC +1) [Jiyva's
                  | grace]
 12914 | Lair:4   | Lost mutation: Armour fits poorly on your pseudopods.
                  | [Jiyva's grace]
 12914 | Lair:4   | Gained mutation: Your muscles are strong. (Str +4, Int/Dex
                  | -1) [Jiyva's grace]
 12914 | Lair:4   | Gained mutation: Your muscles are very strong. (Str +8,
                  | Int/Dex -2) [Jiyva's grace]
 12914 | Lair:4   | Gained mutation: Armour fits poorly on your pseudopods.
                  | [Jiyva's grace]
 12914 | Lair:4   | Gained mutation: Armour fits poorly on your large
                  | pseudopods. [Jiyva's grace]
 13056 | Lair:4   | Reached skill level 10 in Fighting
 13062 | Lair:4   | Reached skill level 14 in Axes
 13444 | Lair:3   | Found a staircase to the Shoals.
 13780 | Lair:5   | Entered Level 5 of the Lair of Beasts
 13788 | Lair:5   | Reached skill level 1 in Shields
 13896 | Lair:5   | Gained mutation: Your presence sometimes corrodes those you
                  | injure. [demonic ancestry]
 13896 | Lair:5   | Reached XP level 14. HP: 47/111 MP: 11/14
 14015 | Lair:5   | Noticed Rupert
 14025 | Lair:5   | HP: 5/111 [Rupert/+1 great mace of holy wrath (4)]
 14033 | Lair:5   | Slain by Rupert

Illustrated notes

Levels and vault maps discovered:
D:1:      evilmike_arrival_crescent, layout_basic, minmay_misc_feat_encased,
          minmay_misc_feat_alley, lemuel_old_faithful
D:2:      minmay_inner_zag, layout_basic, basic_altar,
          shapermc_ecumenical_altar_totnotflames
D:3:      layout_basic, nzn_wu_jian_contemplation, mainiacjoe_overflow_24_doors,
          portal_sewer_entry_f
D:4:      layout_loops_corners
D:5:      layout_loops_corners, serial_shops, shop_fountains, shop,
          nicolae_shop_waterfront, shop, nicolae_shop_advertising_works
          [nicolae_subvault_shop_adworks], nicolae_fountain_basement
D:6:      layout_basic, minmay_temple_entry_overgrown, minmay_shop_grid_forest
D:7:      layout_rooms, mainiacjoe_overflow_chevrons, enter_bailey_6,
          serial_glass, glass_columns_a, glass_columns_b, glass_columns_c,
          glass_columns_a, glass_columns_a, glass_columns_a, grunt_ministairs_2,
          uniq_menkaure, uniq_duvessa, uniq_pikel
D:8:      layout_loops_ring
D:9:      layout_loops_corners, slow_altar_1
D:10:     layout_basic, zin_purify, ebering_ghost_disaster_area
D:11:     layout_basic, erik_lair_orcish_takeover
Temple:   minmay_temple_bridge_d
Lair:1:   layout_regular_city, gauntlet_entry_generic, grunt_megastairs_4,
          serial_bayou_shore_a, lemuel_fruit_fields
Lair:2:   layout_small_grid, nzn_ghost_randoct
Lair:3:   layout_roguey, shoals_dummy_entry, hellmonk_spider_entry_not_the_bees,
          serial_bayou_shore_b
Lair:4:   regret_index_bee_streams, layout_regular_city, slime_entry_1,
          gammafunk_ghost_abyssal_escape, nicolae_lair_run_with_the_wolves,
          uniq_josephine
Lair:5:   hangedman_lair_caniforms_friends, layout_misc_corridors, wormcave,
          uniq_rupert, uniq_nessos

Skill      XL: |  1  2  3  4  5  6  7  8  9 10 11 12 13 |
---------------+----------------------------------------+-----
Axes           | 3 7 10 12 14 | 14.8
Dodging        | 3 4 5 6 |  6.7
Armour         | 1 2 3 4 5 6 7 8 |  8.4
Polearms       | 1 2 3 5 7 9 |  9.4
Fighting       | 3 4 5 6 7 8 10 | 10.7
Throwing       | 2 3 4 5 |  5.3
Stealth        | 1 2 3 |  3.8
Shields        | 1 |  1.8
Maces & Flails | |  0.4

Action                   |  1- 3 |  4- 6 |  7- 9 | 10-12 | 13-15 || total
-------------------------+-------+-------+-------+-------+-------++-------
Melee: War axe           |    80 |     2 |       |       |       ||    82
       Headbutt          |    15 |    27 |    34 |    69 |    37 ||   182
       Halberd           |       |   170 |   200 |       |       ||   370
       Broad axe         |       |       |    13 |   299 |   178 ||   490
       Punch             |       |       |     1 |     3 |       ||     4
       Bite              |       |       |       |    41 |    27 ||    68
       Pseudopods        |       |       |       |    35 |    34 ||    69
       Trident           |       |       |       |     3 |     4 ||     7
       Mace              |       |       |       |       |     9 ||     9
Throw: Throwing net      |     1 |     4 |     4 |       |       ||     9
       Javelin           |       |       |     6 |       |       ||     6
       Boomerang         |       |       |    16 |    30 |    12 ||    58
       Dart              |       |       |       |       |     1 ||     1
Invok: Oozemancy         |       |       |       |       |     3 ||     3
  Use: Scroll            |     1 |     4 |     9 |    12 |     5 ||    31
       Potion            |     1 |       |     1 |     1 |     1 ||     4
 Stab: Distracted        |       |       |     1 |       |       ||     1
       Confused          |       |       |       |     1 |     7 ||     8
Armor: Leather armour    |    15 |       |       |       |       ||    15
       Ring mail         |     3 |    50 |     4 |       |       ||    57
       Scale mail        |       |       |    76 |   135 |   114 ||   325
Dodge: Dodged            |    54 |   173 |   224 |   243 |   214 ||   908
Block: Buckler           |       |       |       |       |    27 ||    27

Table legend: (Time is in decaauts)
 A = Elapsed time spent in this place.
 B = Non-inter-level travel time spent in this place.
 C = Inter-level travel time spent in this place.
 D = Time resting spent in this place.
 E = Time spent auto-exploring this place.
 F = Levels seen in this place.
 G = Mean time per level.
                   A        B        C        D        E       F      G
               +--------+--------+--------+--------+--------+-----+--------+
         Total |  14229 |  13216 |   1013 |    423 |   9072 |  20 |  711.5 |
       Dungeon |   9599 |   8803 |    796 |    262 |   6668 |  11 |  872.6 |
        Temple |    158 |     73 |     85 |      0 |     63 |   1 |  158.0 |
          Lair |   3292 |   3160 |    132 |     13 |   2081 |   5 |  658.4 |
         Sewer |    596 |    596 |      0 |    148 |    197 |   1 |  596.0 |
        Bailey |    309 |    309 |      0 |      0 |     63 |   1 |  309.0 |
      Gauntlet |    272 |    272 |      0 |      0 |      0 |   1 |  272.0 |
               +--------+--------+--------+--------+--------+-----+--------+

Top non-repeatable levels by time:
     D:2: 1558 daAuts
     D:3: 1234 daAuts
     D:1: 1102 daAuts
  Lair:4: 1081 daAuts
     D:5: 881 daAuts
     D:4: 825 daAuts
     D:6: 823 daAuts
     D:9: 791 daAuts
  Lair:3: 700 daAuts
     D:7: 699 daAuts
  Lair:1: 684 daAuts
   Sewer: 596 daAuts
     D:8: 591 daAuts
  Lair:2: 581 daAuts
    D:10: 576 daAuts
